 Dungeon Crawl Stone Soup version 0.31-a0-595-g4209ae197b (webtiles) character file.

Game seed: 13452410140799428665

67 Conn the Firebug (level 3, -6/19 HPs)
             Began as a Deep Elf Fire Elementalist on Aug 20, 2023.
             Mangled by a gnoll
             ... wielding a +0 club
              (7 damage)
             ... on level 2 of the Dungeon.
             The game lasted 00:01:47 (1942 turns).

Conn the Firebug (Deep Elf Fire Elementalist)       Turns: 1942, Time: 00:01:47

Health: -6/19      AC:  2    Str:  5    XL:     3   Next: 98%
Magic:  1/10       EV: 13    Int: 21    God:
Gold:   90         SH:  0    Dex: 15    Spells: 3/9 levels left

rFire   . . .        (no weapon)
rCold   . . .        (no shield)
rNeg    . . .        a - +0 robe
rPois   .            (no helmet)
rElec   .            (no cloak)
rCorr   .            (no gloves)
SInv    .            (no boots)
Will    .....        (no amulet)
Stlth   ++           (no ring)
HPRegen 0.23/turn    (no ring)
MPRegen 0.12/turn

%: no passive effects
@: no status effects
A: no striking features
a: no special abilities


You were on level 2 of the Dungeon.
You visited 1 branch of the dungeon, and saw 2 of its levels.

You collected 90 gold pieces.

Inventory:

Armour
 a - a +0 robe (worn)
Wands
 g - a wand of mindburst (13)
Scrolls
 d - a scroll of enchant armour {unknown}
 i - 2 scrolls of identify {unknown}
 k - a scroll of brand weapon {unknown}
Potions
 b - a potion of magic
 c - a potion of enlightenment {unknown}
 e - 2 potions of haste {unknown}
 f - a potion of might {unknown}
 h - a potion of heal wounds {unknown}
 j - a potion of lignification {unknown}


   Skills:
 + Level 2.7 Dodging
 + Level 2.8 Stealth
 + Level 3.5 Spellcasting
 + Level 1.8 Conjurations
 + Level 4.5 Fire Magic


You had 3 spell levels left.
You knew the following spells:

 Your Spells              Type           Power      Damage    Failure   Level
a - Foxfire               Conj/Fire      68%        2x1d7     3%          1
b - Scorch                Fire           44%        2d6       3%          2
c - Inner Flame           Hex/Fire       13%        N/A       16%         3

Your spell library contained the following spells:

 Spells                   Type           Power      Damage    Failure   Level
 Volatile Blastmotes      Fire/Tloc      26%        2d12      16%         3
 Flame Wave               Conj/Fire      17%        2d7       34%         4


Dungeon Overview and Level Annotations

Branches:
Dungeon (2/15)

Altars:


Message History

Unknown command.
You hit the gnoll.
You kill the gnoll!
The foxfire hits the gnoll.
The gnoll is burned terribly!
The gnoll is heavily wounded.
Unknown command.
You hit the gnoll but do no damage.
The gnoll is heavily wounded.
The gnoll is no longer more vulnerable to fire.
The gnoll hits you with a +0 club! The gnoll closely misses you.
Casting: Foxfire (safe; 3% risk of failure)
Confirm with . or Enter, or press ? or * to list all spells.
You conjure some foxfire!
The gnoll hits you with a +0 club.
* * * LOW HITPOINT WARNING * * *
You hit the gnoll but do no damage.
The gnoll is heavily wounded.
The foxfire hits the gnoll but does no damage.
The gnoll is heavily wounded.
The gnoll hits you with a +0 club.
* * * LOW HITPOINT WARNING * * *
Unknown command.
Okay, then.
Unknown command.
Your foxfire dissipates!
The gnoll barely misses you.
Aiming: Mindburst
Press: ? - help, Shift-Dir - straight line, f - gnoll
Aim: a gnoll, wielding a +0 club (heavily wounded, chance to affect: 72%)
The gnoll struggles to resist.
The gnoll closely misses you.
Aiming: Mindburst
Press: ? - help, Shift-Dir - straight line, f/p - gnoll
Aim: a gnoll, wielding a +0 club (heavily wounded, chance to affect: 72%)
The gnoll struggles to resist.
The gnoll hits you with a +0 club.
* * * LOW HITPOINT WARNING * * *
Aiming: Mindburst
Press: ? - help, Shift-Dir - straight line, f/p - gnoll
Aim: a gnoll, wielding a +0 club (heavily wounded, chance to affect: 72%)
The gnoll struggles to resist.
The gnoll hits you with a +0 club!
You die...

### #######.#
#.. ......#.#
#.# #......'
#.# #.##.#.#
####.######.
#.#.#
#.)...)..... .
#.#
#.##.###......
#.# #g##.# ..
#.# #@##.# ...
#.# #.##.# #.#
#.##.# #.##.#
#.##^# #.##.#
#.##.# #.#
#.##.# #..
#.##.# .######


You could see a gnoll.

Vanquished Creatures
  Terence (D:2)
  2 gnolls (D:2)
  2 worms (D:2)
  A bat (D:2)
  An endoplasm (D:1)
  A goblin (D:2)
  3 hobgoblins
  4 kobolds
  A ball python (D:1)
  A frilled lizard (D:2)
  3 rats
20 creatures vanquished.

Vanquished Creatures (others)
  63 foxfires
63 creatures vanquished.

Grand Total: 83 creatures vanquished

Notes
Turn   | Place    | Note
-------+----------+-------------------------------------------
     0 | D:1      | Conn the Deep Elf Fire Elementalist began the quest for the
                  | Orb.
     0 | D:1      | Reached XP level 1. HP: 10/10 MP: 6/6
   584 | D:1      | Reached XP level 2. HP: 15/15 MP: 5/8
   682 | D:1      | Learned a level 2 spell: Scorch
  1178 | D:2      | Noticed Terence
  1185 | D:2      | Killed Terence
  1186 | D:2      | Reached skill level 4 in Fire Magic
  1186 | D:2      | Reached XP level 3. HP: 18/19 MP: 0/9
  1316 | D:2      | Learned a level 3 spell: Inner Flame
  1942 | D:2      | Mangled by a gnoll

Illustrated notes

Levels and vault maps discovered:
D:1:      minmay_arrival_nine_rooms, layout_loops_corners
D:2:      layout_basic, uniq_terence

Skill      XL: |  1  2 |
---------------+-------+-----
Fire Magic     | 4 |  4.5
Dodging        | |  2.7
Stealth        | |  2.8
Spellcasting   | |  3.5
Conjurations   | |  1.8

Action                     || total
---------------------------++-------
  Melee: Unarmed           ||     4
   Cast: Foxfire           ||    41
         Scorch            ||     9
  Evoke: Wand              ||     3
 Armour: Robe              ||     3
  Dodge: Dodged            ||     7

Table legend: (Time is in decaauts)
 A = Elapsed time spent in this place.
 B = Non-inter-level travel time spent in this place.
 C = Inter-level travel time spent in this place.
 D = Time resting spent in this place.
 E = Time spent auto-exploring this place.
 F = Levels seen in this place.
 G = Mean time per level.
                   A        B        C        D        E       F      G
               +--------+--------+--------+--------+--------+-----+--------+
         Total |   1941 |   1906 |     35 |      0 |   1704 |   2 |  970.5 |
       Dungeon |   1941 |   1906 |     35 |      0 |   1704 |   2 |  970.5 |
               +--------+--------+--------+--------+--------+-----+--------+

Top non-repeatable levels by time:
     D:1: 1051 daAuts
     D:2: 890 daAuts
